Cogmind - Beta 14 @@@ ROGUE MODE // 2025.03.05 @ 17:20:19 Player: Udabudha Result: Destroyed by Y-45 Defender with Heavy Assault Rifle Performance ------------- Evolutions (2) 1000 Regions Visited (6) 1200 Robots Destroyed (39) 195 Value Destroyed (1274) 1274 Prototype IDs (4) 80 Alien Tech Used (0) 0 Bonus (300) 300 TOTAL SCORE: 4049 Bonus ------- Aligned with FarCom 300 Cogmind --------- Core Integrity 0/550 Matter 300/300 Energy 100/100 System Corruption 0% Temperature Cool (9) Movement Core (50) Location -8/Storage Parts ------- > --- POWER (1) -------- (None) > --- PROPULSION (4) --- (None) > --- UTILITY (4) ------ System Shield > --- WEAPON (2) ------- (None) > --- INVENTORY (5) ---- Improved Heat Sink Heavy Assault Rifle Peak State ------------ > --- POWER ------------ Light Nuclear Core > --- PROPULSION ------- Carbon-fiber Leg Titanium Leg Potential Leg Potential Leg > --- UTILITY ---------- Small Storage Unit Particle Charger System Shield > --- WEAPON ----------- Heavy Laser Heavy Battle Rifle > --- INVENTORY -------- Light Ion Engine Light Nuclear Core Light Treads Titanium Leg Compact Wheel Improved Heat Sink Beam Rifle Gauss Rifle [Rating: 45] Favorites ----------- Power Light Ion Engine Engine Light Ion Engine Power Core Light Nuclear Core Propulsion Aluminum Leg Treads Light Treads Leg Aluminum Leg Wheel Wheel Utility Small Storage Unit Device Particle Charger Storage Small Storage Unit Hackware System Shield Protection Medium Armor Plating Weapon Beam Rifle Energy Gun Beam Rifle Energy Cannon Beam Cannon Ballistic Gun Heavy Battle Rifle Build | -11 -10 -10 -10 -9 -8 -8 ------- Run | Yrd Mat Min Exi Min Mat Sto Slots Evolved 4 | . . . . . 4 . Power . | . . . . . . . Propulsion 2 | . . . . . 2 . Utility 2 | . . . . . 2 . Weapon . | . . . . . . . Parts Attached 48 | 8 5 2 5 2 16 10 Power 8 | 1 . . . . 5 2 Engine 4 | 1 . . . . 3 . Core 4 | . . . . . 2 2 Reactor . | . . . . . . . Propulsion 16 | 4 1 1 3 . 4 3 Treads 1 | 1 . . . . . . Leg 13 | 2 . 1 3 . 4 3 Wheel 2 | 1 1 . . . . . Hover . | . . . . . . . Flight . | . . . . . . . Utility 10 | 1 1 1 2 . 4 1 Device 5 | . . . 1 . 3 1 Storage 1 | 1 . . . . . . Processor . | . . . . . . . Hackware 1 | . . . . . 1 . Protection 3 | . 1 1 1 . . . Artifact . | . . . . . . . Weapon 14 | 2 3 . . 2 3 4 Energy Gun 9 | 1 2 . . 1 2 3 Energy Cannon 1 | . 1 . . . . . Ballistic Gun 4 | 1 . . . 1 1 1 Ballistic Cannon . | . . . . . . . Launcher . | . . . . . . . Special Weapon . | . . . . . . . Impact Weapon . | . . . . . . . Slashing Weapon . | . . . . . . . Piercing Weapon . | . . . . . . . Special Melee Weapon . | . . . . . . . Unidentified Prototypes 2 | . . . 2 . . . Parts Lost 25 | . 1 2 . . 4 18 Power 5 | . . 1 . . 1 3 Propulsion 8 | . 1 . . . . 7 Utility 6 | . . 1 . . 2 3 Weapon 6 | . . . . . 1 5 Highest Loss Streak 17 | . 1 2 . . 2 17 To Critical Strikes . | . . . . . . . Average Slot Usage (%) 83 | . 93 87 55 64 89 78 Engine 4 | . 14 2 . . 5 . Core 1 | . . . . . 2 7 Leg 22 | . 23 14 18 28 35 32 Wheel 7 | . 4 14 8 . . . Device 2 | . . . . . 9 4 Storage 12 | . 14 14 14 14 9 9 Hackware 1 | . . . . . 4 9 Protection 9 | . 7 13 13 14 4 . Energy Gun 18 | . 21 27 . 3 9 9 Ballistic Gun 2 | . 1 . . 3 9 6 Peak Build Rating 45 | 6 11 11 23 29 45 45 Average Rating 18 | 3 8 9 10 24 42 37 On Entrance 17 | . 6 11 5 23 29 45 Naked Turns . | . . . . . . . Heaviest Build 27 | 11 21 21 13 19 27 21 Greatest Support 94 | 20 20 10 60 60 94 92 Greatest Overweight (x) 2 | . 2 2 1 . . 1 Average Overweight (x) . | . . 1 . . . . Largest Inventory Capacity 8 | 8 8 8 8 8 8 8 Average Capacity 7 | 6 8 8 8 8 8 7 Most Carried 8 | 7 8 8 8 8 8 8 Average Carried 6 | 4 7 7 6 7 7 5 Final Capacity 8 | 8 8 8 8 8 8 5 Final Carried 8 | 6 8 7 7 6 6 2 Class Distribution -------------------- 91% | Mutant 7% | Scavenger-Mutant Dominant Class ---------------- Mutant | -10/Materials Mutant | -10/Mines Mutant | -10/Exiles Mutant | -9/Mines Mutant | -8/Materials Scavenger-Mutant | -8/Storage Resources | -11 -10 -10 -10 -9 -8 -8 ----------- Run | Yrd Mat Min Exi Min Mat Sto Matter Collected 955 | 201 171 . . . 372 211 Remotely . | . . . . . . . Salvage Created 1409 | . 241 103 . . 446 619 Parts 80 | . 23 3 . . 20 34 Haulers Intercepted . | . . . . . . . Recyclers Shooed . | . . . . . . . Parts Field Recycled . | . . . . . . . Retrieved Matter . | . . . . . . . Parts Self-Destructed . | . . . . . . . Prevented . | . . . . . . . Kills | -11 -10 -10 -10 -9 -8 -8 ------- Run | Yrd Mat Min Exi Min Mat Sto Combat Hostiles Destroyed 35 | . 10 2 . . 11 12 Guns 32 | . 7 2 . . 11 12 Cannons 3 | . 3 . . . . . Classes Destroyed 7 | . 4 . . . 2 1 Worker 1 | . . . . . . 1 Operator 1 | . 1 . . . . . Watcher 2 | . 1 . . . 1 . Swarmer 12 | . 9 . . . 3 . Grunt 17 | . 1 2 . . 5 9 Sentry 4 | . . . . . 2 2 Hunter 2 | . . . . . 1 1 Best Kill Streak 4 | . 4 1 . . 3 3 Combat Bots Only 3 | . 3 1 . . 3 3 Max Kills in Single Turn 2 | . 1 1 . . 2 1 Gunslinging 1 | . . . . . 1 . Exploded . | . . . . . . . Melee . | . . . . . . . Uniques/NPCs Destroyed . | . . . . . . . Combat | -11 -10 -10 -10 -9 -8 -8 -------- Run | Yrd Mat Min Exi Min Mat Sto Hostile Shots Fired 348 | . 68 16 . 2 74 188 Missed 62 | . 10 . . 1 12 39 Damage Taken 3600 | . 476 186 . 10 901 2027 Core 684 | . 110 20 . . 173 381 Absorbed by Shields . | . . . . . . . Core Remaining (%) 74 | 100 . . . 48 . . Volleys Fired 124 | . 32 7 . . 33 52 Largest 2 | . 2 2 . . 2 2 Hottest 130 | . 112 112 . . 102 130 Shots Fired 232 | . 64 16 . . 60 92 Gun 219 | . 51 16 . . 60 92 Cannon 13 | . 13 . . . . . Launcher . | . . . . . . . Special . | . . . . . . . Kinetic 64 | . . . . . 33 31 Thermal 155 | . 51 16 . . 27 61 Explosive . | . . . . . . . Electromagnetic 13 | . 13 . . . . . Robot Hit Streak 10 | . 7 8 . . 10 10 Robot Miss Streak 6 | . 6 2 . . 3 5 Penetration Max 1 | . . . . . . 1 Secondary Targets 6 | . 1 1 . . 2 2 Max Gunslinging Chain 1 | . 1 1 . . 1 1 Shots Hit Robots 144 | . 26 12 . . 45 61 Core Hits 58 | . 12 5 . . 16 25 Critical Kills 1 | . . . . . . 1 Critical Parts Destroyed 1 | . . . . . . 1 Critical Strikes 7 | . 1 2 . . 2 2 Burn 5 | . 1 2 . . 2 . Destroy 2 | . . . . . . 2 Melee Attacks . | . . . . . . . Impact . | . . . . . . . Slashing . | . . . . . . . Piercing . | . . . . . . . Sneak Attacks . | . . . . . . . Combat Hostiles . | . . . . . . . Follow-up Attacks . | . . . . . . . Damage Inflicted 2601 | . 410 172 . . 898 1121 Guns 2478 | . 320 172 . . 887 1099 Cannons 88 | . 88 . . . . . Explosions . | . . . . . . . Melee . | . . . . . . . Ramming 35 | . 2 . . . 11 22 Kinetic 1006 | . . . . . 604 402 Thermal 1500 | . 348 172 . . 283 697 Explosive . | . . . . . . . Electromagnetic 60 | . 60 . . . . . Impact . | . . . . . . . Slashing . | . . . . . . . Piercing . | . . . . . . . Highest Corruption 3 | . 3 3 3 3 . . Average Corruption 2 | . 2 3 3 3 . . Corruption Purged . | . . . . . . . Corruption Blocked . | . . . . . . . Effects 31 | . 1 23 5 2 . . Message Errors 8 | . . 6 1 1 . . Matter Fused 6 | . . 2 3 1 . . Heat Flow Errors 3 | . . 2 1 . . . Energy Discharges 5 | . . 5 . . . . Data Loss (minor) 4 | . . 4 . . . . Data Loss (major) 2 | . 1 1 . . . . Misfires 2 | . . 2 . . . . Alerts 1 | . . 1 . . . . Overload Shots . | . . . . . . . Overflow Damage . | . . . . . . . Projectiles . | . . . . . . . Explosions . | . . . . . . . Melee . | . . . . . . . Knockbacks . | . . . . . . . Impact . | . . . . . . . Kinetic . | . . . . . . . Secondary . | . . . . . . . Self-Inflicted Damage 2 | . 1 . . . . 1 Shots . | . . . . . . . Rammed 3 | . 1 . . . . 2 Targets Rammed 13 | . 2 1 . . 2 8 Kicked 10 | . 1 1 . . 2 6 Crushed . | . . . . . . . Highest Temperature 492 | . 492 291 149 . 427 460 Average Temperature 133 | . 149 107 79 . 159 113 Received Heat Transfer 1332 | . 42 105 . 6 378 801 Effects 17 | . 4 2 . . 9 2 Shutdowns 5 | . 1 . . . 4 . Energy Bleed 3 | . 2 . . . 1 . Interference 2 | . . 2 . . . . Matter Decay 2 | . 1 . . . . 1 Short Circuit 2 | . . . . . 2 . Damage (minor) 2 | . . . . . 1 1 Damage (major) 1 | . . . . . 1 . Siege Activations . | . . . . . . . Robots Corrupted . | . . . . . . . Combat Hostiles . | . . . . . . . Parts Fried 1 | . 1 . . . . . Impact Corruptions . | . . . . . . . Robots Melted . | . . . . . . . Combat Hostiles . | . . . . . . . Parts Melted 11 | . 2 2 . . 4 3 Heat Transferred 3774 | . 925 592 . . 740 1517 Parts Sabotaged . | . . . . . . . Parts Stolen . | . . . . . . . Parts Stripped . | . . . . . . . Power Chain Reactions 1 | . 1 . . . . . Alert | -11 -10 -10 -10 -9 -8 -8 ------- Run | Yrd Mat Min Exi Min Mat Sto Peak Influence 323 | . 205 129 . . 168 323 Initial 69 | . . 69 . . . 68 Average 62 | . 103 18 . . 77 196 Maximum Alert Level 1 | . 1 . . . . 1 Low Security (%) 93 | 100 95 100 . 100 100 52 Level 1 6 | . 4 . . . . 47 Level 2 . | . . . . . . . Level 3 . | . . . . . . . Level 4 . | . . . . . . . Level 5 . | . . . . . . . High Security . | . . . . . . . Max Security . | . . . . . . . Squads Dispatched 7 | . 1 . . 1 1 4 Investigation 4 | . 1 . . 1 1 1 Extermination . | . . . . . . . Reinforcement 2 | . . . . . . 2 Assault . | . . . . . . . Garrison 1 | . . . . . . 1 Intercept . | . . . . . . . Searches Triggered . | . . . . . . . Construction Impeded . | . . . . . . . Haulers Reinforced . | . . . . . . . Active Scanning Responses . | . . . . . . . Cargo Convoy Interrupts . | . . . . . . . Stealth | -11 -10 -10 -10 -9 -8 -8 --------- Run | Yrd Mat Min Exi Min Mat Sto Distress Signals 5 | . . . . . 2 3 Communications Jammed . | . . . . . . . Distress Signals . | . . . . . . . Times Spotted 66 | . 21 4 . 3 21 17 Peak Tracking Total 9 | . 4 2 . 3 5 9 Tactical Retreats 4 | . 1 1 . . 1 1 Traps | -11 -10 -10 -10 -9 -8 -8 ------- Run | Yrd Mat Min Exi Min Mat Sto Traps Triggered 4 | . 3 . . . . 1 Indirectly . | . . . . . . . Trap Hack Attempts . | . . . . . . . Triggered . | . . . . . . . Disarmed . | . . . . . . . Reprogrammed . | . . . . . . . Reused . | . . . . . . . Traps Extracted . | . . . . . . . Installed . | . . . . . . . Triggered . | . . . . . . . Machines | -11 -10 -10 -10 -9 -8 -8 ---------- Run | Yrd Mat Min Exi Min Mat Sto Machines Disabled 3 | . . . . . 2 1 Max in Single Turn 1 | . . . . . . 1 Machines Repaired . | . . . . . . . Machines Dismantled . | . . . . . . . Machines Sabotaged . | . . . . . . . Overloaded Fab Kills . | . . . . . . . Hacking | -11 -10 -10 -10 -9 -8 -8 --------- Run | Yrd Mat Min Exi Min Mat Sto Machines Accessed 9 | . 2 . 4 1 1 1 Terminals 5 | . 2 . . 1 1 1 Fabricators . | . . . . . . . Repair Stations . | . . . . . . . Recycling Units . | . . . . . . . Scanalyzers . | . . . . . . . Garrison Access . | . . . . . . . Total Hacks 64 | . 5 . 49 4 4 2 Successful 54 | . 3 . 49 . 2 . Failed 10 | . 2 . . 4 2 2 Catastrophic 4 | . . . . 2 1 1 Database Lockouts . | . . . . . . . Manual 9 | . 1 . 1 4 3 . Terminals 15 | . 5 . . 4 4 2 Fabricators . | . . . . . . . Repair Stations . | . . . . . . . Recycling Units . | . . . . . . . Scanalyzers . | . . . . . . . Garrison Access . | . . . . . . . Terminal Hacks 54 | . 3 . 49 . 2 . Record 50 | . . . 49 . 1 . Prototype ID Bank 1 | . 1 . . . . . Branch Access Points 2 | . 1 . . . 1 . Registered Components 1 | . 1 . . . . . Fabricator Hacks . | . . . . . . . Repair Station Hacks . | . . . . . . . Recycling Unit Hacks . | . . . . . . . Scanalyzer . | . . . . . . . Garrison Access Hacks . | . . . . . . . Unauthorized Hacks . | . . . . . . . Terminals . | . . . . . . . Fabricators . | . . . . . . . Repair Stations . | . . . . . . . Recycling Units . | . . . . . . . Scanalyzers . | . . . . . . . Garrison Access . | . . . . . . . Data Cores Recovered 1 | . 1 . . . . . Used . | . . . . . . . Hacking Detections 4 | . 1 . . 1 1 1 Full Trace Events 2 | . . . . 1 1 . Feedback Events . | . . . . . . . Feedback Blocked . | . . . . . . . Robot Schematics Acquired . | . . . . . . . Robots Built . | . . . . . . . Authchips . | . . . . . . . Time . | . . . . . . . Total Robot Build Rating . | . . . . . . . Part Schematics Acquired . | . . . . . . . Parts Built . | . . . . . . . Authchips . | . . . . . . . Time . | . . . . . . . Total Part Build Rating . | . . . . . . . Parts Repaired . | . . . . . . . Time . | . . . . . . . Parts Recycled . | . . . . . . . Recycled Matter . | . . . . . . . Retrieved Matter . | . . . . . . . Retrieved Components . | . . . . . . . Parts Scanalyzed . | . . . . . . . Part Schematics Acquired . | . . . . . . . Parts Damaged . | . . . . . . . Bothacking | -11 -10 -10 -10 -9 -8 -8 ------------ Run | Yrd Mat Min Exi Min Mat Sto Used RIF Installer . | . . . . . . . Robots Hacked . | . . . . . . . Non-combat . | . . . . . . . Combat . | . . . . . . . Robot Hacks Applied . | . . . . . . . Relay Couplers Released . | . . . . . . . Fabnet Peak Effective % . | . . . . . . . Robots Rewired . | . . . . . . . Allies Hacked . | . . . . . . . Hacks Repelled . | . . . . . . . Allies | -11 -10 -10 -10 -9 -8 -8 -------- Run | Yrd Mat Min Exi Min Mat Sto Total Allies 3 | . . . . 3 . . Largest Group 3 | . . . . 3 3 . Highest-Rated Group 40 | . . . . 40 40 . Highest-Rated Ally 16 | . . . . 16 16 . Total Orders . | . . . . . . . Ally Attacks 22 | . . . . . 22 . Total Damage 173 | . . . . . 173 . Kills . | . . . . . . . Allies Corrupted . | . . . . . . . Allies Melted . | . . . . . . . Intel | -11 -10 -10 -10 -9 -8 -8 ------- Run | Yrd Mat Min Exi Min Mat Sto Robot Analysis Total . | . . . . . . . Derelict Logs Recovered 2 | . . 2 . . . . Drone Launches . | . . . . . . . Drone Recoveries . | . . . . . . . Exploration | -11 -10 -10 -10 -9 -8 -8 ------------- Run | Yrd Mat Min Exi Min Mat Sto Turns Passed 4065 | 76 652 1701 411 166 659 400 Spaces Moved 2499 | 72 434 1004 261 180 389 159 Core 37 | 36 . . . . . 1 Treads 3 | 3 . . . . . . Legs 1957 | 17 244 708 261 180 389 158 Wheels 502 | 16 190 296 . . . . Hover . | . . . . . . . Flight . | . . . . . . . Fastest Speed 50 | 50 110 95 90 90 100 90 Average Speed 135 | 77 123 166 144 90 107 107 Slowest Speed 190 | 160 190 190 190 90 110 113 Overloaded Moves . | . . . . . . . Propulsion Burnouts . | . . . . . . . Robots Hopped . | . . . . . . . Cave-ins Triggered . | . . . . . . . Exploration Rate (%) 47 | 3 66 100 60 30 39 31 Regions Visited 6 Branch Regions 4 Pre-discovered Areas 2 | . . 1 1 . . . Known Exits Taken 2 | . 1 . . . 1 . Unknown Exits Taken 4 | 1 . 1 1 1 . . Scrap Searched 1 | . . 1 . . . . Spaces Dug . | . . . . . . . Terrain Destroyed 5 | . 5 . . . . . Melee . | . . . . . . . Projectile . | . . . . . . . AOE 5 | . 5 . . . . . Terrain Rammed . | . . . . . . . Walls Destroyed . | . . . . . . . Machines Disabled . | . . . . . . . Actions | -11 -10 -10 -10 -9 -8 -8 --------- Run | Yrd Mat Min Exi Min Mat Sto Total 2944 | 91 485 1022 296 183 569 298 Wait 201 | . 3 6 20 1 111 60 Move 2493 | 71 433 1003 260 179 388 159 Hop . | . . . . . . . Pick Up 41 | 10 6 . 5 1 12 7 Fast Attach 8 | 4 2 . 1 . 1 . Attach 31 | 4 2 1 4 2 8 10 Detach . | . . . . . . . Swap 9 | . 1 1 . . 7 . Drop 24 | 2 4 3 6 . 7 2 Fire 124 | . 32 7 . . 33 52 Melee . | . . . . . . . Ram 3 | . 1 . . . . 2 Kick 10 | . 1 1 . . 2 6 Crush . | . . . . . . . Escape Stasis . | . . . . . . . Rewire . | . . . . . . . Trap . | . . . . . . . Miscellaneous . | . . . . . . . Route ------- -11/Scrapyard -10/Materials (discovered 4 exits: [*Mat x3] / *Min) -10/Mines (discovered 4 exits: [*Mat x2] / *Exi / [*Sub]) -10/Exiles -9/Mines -8/Materials (discovered 2 exits: *Sto x2) -8/Storage History --------- Turn | Location | Event 4 | -11/Scrapyard | Discovered new exit (range 15) 77 | -11/Scrapyard | Entered Materials 174 | -10/Materials | Identified exit to Mines 205 | -10/Materials | Discovered new exit (range 5) 316 | -10/Materials | Build established: Mutant 622 | -10/Materials | Discovered new exit (range 11) 665 | -10/Materials | Discovered new exit (range 16) 729 | -10/Materials | Entered Mines 783 | -10/Mines | Learned Materials stockpile data 1012 | -10/Mines | Discovered new exit (range 11) 1070 | -10/Mines | Core integrity fell below 50% 1207 | -10/Mines | Discovered new exit (range 14) 1412 | -10/Mines | Learned Materials stockpile data 1460 | -10/Mines | Learned location of Storage (-8) 1841 | -10/Mines | Discovered new exit (range 5) 2420 | -10/Mines | Deemed a non-threat by the Exiles lab entrance 2422 | -10/Mines | Discovered new exit (range 5) 2430 | -10/Mines | Entered Exiles 2478 | -10/Exiles | Met 8R-AWN 2510 | -10/Exiles | Met EX-HEX 2567 | -10/Exiles | Met EX-BIN 2590 | -10/Exiles | Aligned with FarCom system 2592 | -10/Exiles | Given EX-Vault access code 2672 | -10/Exiles | Opened EX-Vault 2681 | -10/Exiles | Found Prototype Leg 2687 | -10/Exiles | Identified Potential Leg 2692 | -10/Exiles | Found Prototype Device 2694 | -10/Exiles | Identified Cloak of Protection 2719 | -10/Exiles | Found Potential Leg 2758 | -10/Exiles | Exiles lab attacked by MAIN.C 2804 | -10/Exiles | Learned location of Zion (-6) 2832 | -10/Exiles | Discovered new exit (range 11) 2841 | -10/Exiles | Left Exiles lab with Potential Leg 2841 | -10/Exiles | Entered Mines 2863 | -9/Mines | Discovered new exit (range 8) 2908 | -9/Mines | A weapon hastily lodged in a ceiling crevice suddenly fell to the ground 3003 | -9/Mines | Assisted by bots powering up and referring to "LRC-V3" 3007 | -9/Mines | Entered Materials 3007 | -8/Materials | Accompanied by 3 allies 3007 | -8/Materials | Evolved 4 slots: Propulsion x2, Utility x2 3447 | -8/Materials | Identified exit to Storage 3666 | -8/Materials | Entered Storage 3946 | -8/Storage | Core integrity fell below 50% 3996 | -8/Storage | Core integrity fell below 20% 4020 | -8/Storage | Garrison activated, responded to threat 4066 | -8/Storage | Destroyed by Y-45 Defender with Heavy Assault Rifle Last Messages --------------- Particle Gun destroyed. Acquired 66 matter. Overheating: Sml. Storage Unit damaged (-34). Acquired Beam Rifle. Acquired Heat Sink. Particle Gun destroyed. Critical hit (Burn: +37). Imp. Aluminum Leg destroyed. Heat Sink destroyed. Lgt. Treads melted. Y-45 Defender destroyed. Acquired 15 matter. Beam Rifle destroyed. Kicked Y-45 Defender. Kicked Y-45 Defender out of the way. Potential Leg destroyed. Sml. Storage Unit destroyed. Slammed into Y-45 Defender. Lgt. Nuclear Core destroyed. Acquired Hvy. Assault Rifle. Map ----- +----------------------------------------------------+ | ????????????????????????????????? | | ????????????????????????????????? | | ????????????????????????????????? | | ????????????????????????????????? | | ???????????????????? ?????????? | | ???###????????????? #???????? | | ??? ????????????? ????????? | | ??? ????????????? ?w??????? | | ??? ????????????? ????????? | | ??##+######???????? ????????? | | ??# ########?# #????????? | | ??# ## #?# #????????? | | ??# ## #?# #????????? | | ??# = ## #?# ##+##+#??? | | ??# %= ## #?# #??? | | ??# * ## #?# #??? | | ###=%= ## #?# #??? | | # * ## ### #??? | | # ## *+% #??? | | =#+######## ### [#??? | | %+ ## [%####+######%#??? | | " # ## # ## #??? | | " ## ### ## = # ##=#??? | | " ## #?# #####/## """" %##[#??? | | ## #?# *! # ???""%%##[#??? | | ####+#?# #?????""@/Y=#??? | | ???????# " +??????"*####??? | | ???????# "G" #??????"=#?????? | | ???????# " " ## """"Y#?????? | | ??????#T ## %!#?????? | | ??????## ###########?????? | | ??????? #???????????????? | | ??????##/##### #???????????????? | | ??????? ???? ???????????????? | | ?????? ???? ??????????????? | | ?????? ???? ???????????????? | | ?????? [???? #??????????????? | | ?????+ ????#####??????????????? | | ?????# "????????????????????????? | | ????????????????????????????????? | | ????????????????????????????????? | | ????????????????????????????????? | | | | | | | | | | | | | | | | | +----------------------------------------------------+ Best States ------------- Heat Dissipation 41 Energy Generation 14 Energy Capacity 160 Matter Stores 300 Matter Capacity 300 Sight Range 16 Robot Scan Range 14 Terrain Scan Density 10 Cloak Strength 5 Armor Coverage 225 Evasion (%) 57 Recoil Reduction 1 Particle Charging 15 Defensive Hacking 10 Item Schematics ----------------- None Robot Schematics ------------------ None Fabricated ------------ Nothing Alien Tech Used ----------------- None Achievements -------------- None Challenges ------------ None Game ------ Seed HeatBattleSteel Manual? 0 Play Time 00:34:02 Cumulative 14.8 hours Start 2025.03.05 @ 16:42:23 End 2025.03.05 @ 17:20:19 Sessions 1 Manual Loads 0 Difficulty Rogue Special Mode None Game No. 39 Rogue 36 Adventurer 1 Explorer 2 Win Type - Total 0 Types 0/0/0/0/0/0/0/0/0 Lore% 15 Gallery% 20 Achievement% 19 Wizard Run 0 Options --------- Layout 1 ASCII 0 Keyboard 0 Movement Numpad Keybinds 0 Fullscreen 1 Font 48/Smallcaps Map View 50x35 Zoom Use 0% Tactical HUD 0 Map Filters NONE Filters NONE Steam 1 RUN: a79d36d2-b86e-4feb-b742-806b34c167d5